 Dungeon Crawl Stone Soup version 0.21.1-1-g345015fe64 (webtiles) character file.

1116 Fascinator the Skirmisher (level 8, -27/67 HPs)
             Began as a Mummy Chaos Knight on July 3, 2018.
             Was a Follower of Yredelemnul.
             Annihilated by a purple very ugly thing (30 damage)
             ... on level 1 of the Abyss.
             The game lasted 00:29:07 (14752 turns).

Fascinator the Skirmisher (Mummy Chaos Knight)     Turns: 14752, Time: 00:29:08

Health: -27/67     AC:  5    Str: 17      XL:     8   Next: 12%
Magic:  24/24      EV: 11    Int: 17      God:    Yredelemnul [*.....]
Gold:   433        SH:  0    Dex: 10 (11) Spells: 13/16 levels left

rFire    x . .     SeeInvis +   s - +0 trident (pierce)
rCold    + . .     Gourm    .   (no shield)
rNeg     + + +     Faith    .   r - +0 robe of the Komodo Dragon {Int+5}
rPois    ∞         Spirit   .   q - +2 helmet
rElec    .         Reflect  .   (no cloak)
rCorr    .         Harm     .   (no gloves)
MR       +....                  (no boots)
Stlth    +.........             (no amulet)
HPRegen  0.21/turn              i - ring of see invisible
MPRegen  0.19/turn              n - ring of Udghuef {rPois MP+9}

@: no status effects
A: no food or potions, fire vulnerability, cold resistance 1, negative energy
resistance 3, torment resistance, unbreathing
a: Animate Remains, Renounce Religion


You were on level 1 of the Abyss.
You worshipped Yredelemnul.
Yredelemnul was aware of your devotion.
You were not hungry.

You visited 2 branches of the dungeon, and saw 7 of its levels.
You visited the Abyss 1 time.

You collected 608 gold pieces.
You spent 175 gold pieces at shops.

Inventory:

Hand Weapons
 a - a +0 hand axe of chaos
 s - a +0 trident of piercing (weapon)
 t - the +9 heavy crossbow "Sniper" {velocity, Acc+∞ SInv}
   (You found it on level 4 of the Dungeon)

   Any bolt fired from it inflicts extra damage.
   It lets you see invisible.
Missiles
 w - 7 tomahawks (quivered)
Armour
 b - a +2 leather armour
 q - a +2 helmet (worn)
 r - the +0 robe of the Komodo Dragon (worn) {Int+5}
   (You found it on level 4 of the Dungeon)

   It affects your intelligence (+5).
Jewellery
 i - a ring of see invisible (left hand)
 k - an uncursed ring of ice
 n - the ring of Udghuef (right hand) {rPois MP+9}
   (Xom gifted it to you on level 2 of the Dungeon)

   [ring of magical power]

   It protects you from poison.
   It affects your magic capacity (+9).
Wands
 p - a wand of flame (3)
 u - a wand of acid (4)
 x - a wand of disintegration (9)
Scrolls
 c - a scroll of noise {unknown}
 d - 3 scrolls of fear {unknown}
 e - 5 scrolls of teleportation {unknown}
 f - 2 scrolls of enchant armour
 g - 3 scrolls of blinking {unknown}
 h - 2 scrolls of immolation {unknown}
 j - a scroll of enchant weapon {unknown}
 l - 4 scrolls of identify
 m - 2 scrolls of remove curse
 v - a scroll of magic mapping
Books
 o - a book of Misfortune

   Spells                             Type                      Level
   a - Confusing Touch                Hexes                        1
   b - Confuse                        Hexes                        3
   c - Gell's Gravitas                Translocation                3
   d - Petrify                        Transmutation/Earth          4
   e - Metabolic Englaciation         Hexes/Ice                    5
   f - Yara's Violent Unravelling     Hexes/Transmutation          5


   Skills:
 + Level 7.3 Fighting
 - Level 2.4 Axes
 - Level 1.5 Armour
 - Level 0.7 Dodging
 + Level 4.8 Spellcasting
 + Level 3.6 Hexes
 + Level 2.5 Evocations


You had 13 spell levels left.
You knew the following spells:

 Your Spells              Type           Power        Failure   Level  Hunger
a - Confuse               Hex            ###.....     10%         3    N/A

Dungeon Overview and Level Annotations

Branches:
Dungeon (6/15)             Temple (1/1) D:4

Altars:
Ashenzari
Cheibriados
Dithmenos
Elyvilon
Fedhas
Gozag
Hepliaklqana
Kikubaaqudgha
Makhleb
Nemelex Xobeh
Okawaru
Ru
Uskayaw
Vehumet
Wu Jian
Xom
Yredelemnul
Zin
The Shining One

Shops:
D:4 *!*(?


Innate Abilities, Weirdness & Mutations

You do not eat or drink.
Your flesh is vulnerable to fire.
You are immune to poison.
Your flesh is cold resistant. (rC+)
You are immune to negative energy. (rN+++)
You are immune to unholy pain and torment.
You can survive without breathing.


Message History

The purple very ugly thing is blasted.
The purple very ugly thing stings you.
* * * LOW HITPOINT WARNING * * *
Attack whom?
Press: ? - help, Dir - move target cursor, f/p - purple very ugly thing
Aim: a purple very ugly thing (moderately wounded, sick)
Okay, then.
Evoke which item? (* to show all) (? for menu, Esc to quit)
Aiming: Disintegrate
Press: ? - help, Shift-Dir - straight line, f/p - purple very ugly thing
Aim: a purple very ugly thing (moderately wounded, sick, chance to defeat MR: 59%)
The purple very ugly thing is blasted.
The purple very ugly thing barely misses you.
Evoke which item? (* to show all) (? for menu, Esc to quit)
Aiming: Disintegrate
Press: ? - help, Shift-Dir - straight line, f/p - purple very ugly thing
Aim: a purple very ugly thing (heavily wounded, sick, chance to defeat MR: 59%)
The purple very ugly thing is blasted.
The purple very ugly thing stings you!!
You die...
Xom roars with laughter!
Yredelemnul claims you as an undead slave.

)# # . #.#
#.# ..##..
.#. .... ..
. #... .#
#.#
#...####.##.
#....## # ##
##u.#
.......
#@##..##.#
## #####
#...# ..#. #
.#.##.#
........#.#
.# ...
.#.#.## # .
. .....#.#
.#... ##.#..
. # ..# ..
### .## .. .
..$ .... ..
.


You could see a purple very ugly thing.

Vanquished Creatures
  A hog (D:5)
  The ghost of tidbits the Grave Robber, an amateur GnNe (D:4)
  An ogre (D:5)
  A centaur (D:5)
  A bullfrog (D:5)
  2 crimson imps (D:5)
  A jelly (D:5)
  A bullfrog zombie (D:6)
  2 hounds
  An orc priest (D:4)
  3 orc wizards
  6 worker ants
  Ijyb (D:3)
  5 adders
  2 oozes
  An adder zombie (D:5)
  2 worms
  3 dart slugs
  5 leopard geckos
  11 orcs
  3 ball pythons
  5 giant cockroaches
  13 goblins
  A hobgoblin (D:2)
  6 jackals (D:3)
  3 quokkas (D:3)
  4 bats
  6 frilled lizards
  4 kobolds
  A leopard gecko skeleton (D:4)
  5 rats
102 creatures vanquished.

Vanquished Creatures (collateral kills)
  Robin (D:3)
  A goblin (D:3)
  4 hobgoblins (D:3)
  A kobold (D:3)
7 creatures vanquished.

Vanquished Creatures (others)
  2 small abominations (Abyss:1)
2 creatures vanquished.

Grand Total: 111 creatures vanquished

Notes
Turn   | Place    | Note
-------+----------+-------------------------------------------
     0 | D:1      | Fascinator the Mummy Chaos Knight began the quest for the Orb.
     0 | D:1      | Reached XP level 1. HP: 18/18 MP: 1/1
   481 | D:1      | XOM: scenery: create altars
   730 | D:2      | Reached XP level 2. HP: 23/24 MP: 2/2
   940 | D:2      | Reached skill level 4 in Fighting
   944 | D:2      | Reached XP level 3. HP: 20/30 MP: 3/3
  1328 | D:2      | Found an opulent altar of Gozag.
  1329 | D:2      | Found a sparkling altar of Nemelex Xobeh.
  1568 | D:2      | XOM: god gift: bound wooden ring {god gift}
  1569 | D:2      | Got a bound wooden ring {god gift}
  1570 | D:2      | Identified the ring of Udghuef {rPois MP+9} (Xom gifted it to you on level 2 of the Dungeon)
  1685 | D:3      | Found a shattered altar of Ashenzari.
  1853 | D:3      | XOM: god gift: 52 gold pieces
  1857 | D:3      | Found an iron altar of Okawaru.
  1859 | D:3      | Found a blossoming altar of Fedhas.
  1859 | D:3      | Found a snail-covered altar of Cheibriados.
  1861 | D:3      | Found a white marble altar of Elyvilon.
  1862 | D:3      | Found a basalt altar of Yredelemnul.
  1933 | D:3      | XOM: enchant monster (good)
  1935 | D:3      | Noticed Robin
  1939 | D:3      | XOM: summons 3 friendly demons
  1946 | D:3      | Reached XP level 4. HP: 17/38 MP: 4/4
  1957 | D:3      | Killed Robin
  1957 | D:3      | Reached skill level 5 in Fighting
  2226 | D:3      | XOM: cloud trail
  2286 | D:3      | Reached XP level 5. HP: 27/46 MP: 5/5
  2592 | D:3      | Learned a level 3 spell: Confuse
  3029 | D:2      | XOM: cloud trail
  3063 | D:2      | XOM: 3-stop teleportation journey
  3336 | D:3      | XOM: 3-stop teleportation journey
  3643 | D:2      | XOM: cloud trail
  3835 | D:2      | XOM: scenery: create altars
  4468 | D:2      | XOM is BORED!
  4468 | D:2      | XOM: noise
  4525 | D:2      | XOM: mild Air miscast
  4585 | D:2      | XOM: medium Conj miscast
  4997 | D:2      | XOM: summons 2 hostile demons
  5509 | D:3      | XOM: mild Necr miscast
  5625 | D:3      | XOM: harmless Hex miscast
  5786 | D:3      | XOM: harmless Chrm miscast
  5790 | D:3      | XOM: mild Tloc miscast
  5791 | D:3      | Noticed a spatial vortex
  5826 | D:2      | XOM: harmless Conj miscast
  6497 | D:2      | XOM is BORED!
  6497 | D:2      | XOM: summons 2 hostile demons
  6498 | D:2      | Noticed a neqoxec
  7047 | D:3      | XOM: harmless Air miscast
  7124 | D:3      | XOM: mild Air miscast
  7689 | D:3      | XOM: mild Fire miscast
  8154 | D:2      | XOM: harmless Pois miscast
  8832 | D:2      | XOM is BORED!
  9716 | D:2      | XOM: summons 2 hostile shadow creatures
  9750 | D:3      | Fell from the grace of Xom
  9750 | D:3      | Became a worshipper of Yredelemnul the Dark
  9772 | D:4      | XOM: noise
  9772 | D:4      | Noticed Ijyb
  9780 | D:3      | Killed Ijyb
 10031 | D:3      | Reached skill level 6 in Fighting
 10037 | D:3      | Reached skill level 1 in Spellcasting
 10044 | D:3      | Reached skill level 1 in Hexes
 10201 | D:4      | Reached XP level 6. HP: 46/52 MP: 9/9
 10407 | D:4      | Got a dull robe
 10418 | D:4      | Identified the cursed +0 robe of the Komodo Dragon {Int+5} (You found it on level 4 of the Dungeon)
 10446 | D:4      | Found Fyr Inu's Weapon Shoppe.
 10455 | D:4      | Found Boosch's Magic Scroll Emporium.
 10500 | D:4      | Bought a scroll of enchant armour for 82 gold pieces
 10500 | D:4      | Bought a scroll of magic mapping for 38 gold pieces
 10500 | D:4      | Bought a scroll of identify for 22 gold pieces
 10500 | D:4      | Bought a scroll of remove curse for 33 gold pieces
 10603 | D:4      | Found Werredd's General Store.
 10629 | D:4      | Found Bucylic's Distillery.
 10668 | D:4      | Found the +9 heavy crossbow "Sniper" {velocity, Acc+∞ SInv}
 10694 | D:4      | Noticed tidbits's ghost (amateur GnNe)
 10724 | D:4      | Killed tidbits's ghost
 10976 | D:4      | Found a glowing golden altar of the Shining One.
 10980 | D:4      | XOM: god gift: 350 gold pieces
 11004 | D:4      | Reached skill level 1 in Evocations
 11022 | D:4      | Found a staircase to the Ecumenical Temple.
 11028 | Temple   | Entered the Ecumenical Temple
 11178 | D:4      | Found Doxtem's Assorted Antiques.
 11180 | D:4      | Reached XP level 7. HP: 59/59 MP: 11/11
 11218 | D:4      | XOM: mild Fire miscast
 11260 | D:5      | Entered Level 5 of the Dungeon
 11505 | D:5      | Found a sacrificial altar of Ru.
 11514 | D:5      | XOM: mild Conj miscast
 11619 | D:5      | Reached * piety under Yredelemnul
 11630 | D:5      | XOM: medium Summ miscast
 11631 | D:5      | Noticed a small abomination
 11631 | D:5      | Noticed a small abomination
 11646 | D:5      | HP: 1/59 [small abomination[the capriciousness of Xom] (5)]
 11822 | D:4      | XOM: mild Ice miscast
 12284 | D:5      | Reached skill level 7 in Fighting
 12484 | D:5      | XOM: summons 4 hostile shadow creatures
 12948 | D:5      | XOM: summons 2 hostile demons
 13014 | D:5      | XOM: severe Chrm miscast
 13188 | D:5      | Noticed a hog
 13188 | D:5      | an ogre changed into a hog
 13188 | D:5      | XOM: polymorph ogre -> hog
 13194 | D:5      | Killed a hog
 13194 | D:5      | Reached XP level 8. HP: 42/67 MP: 6/15
 13845 | D:5      | Cast into level 1 of the Abyss (Xom)
 14001 | Abyss:1  | XOM: god gift: sharpened copper wand {god gift}
 14191 | Abyss:1  | XOM: medium Summ miscast
 14732 | Abyss:1  | Noticed a purple very ugly thing
 14750 | Abyss:1  | HP: 2/67 [purple very ugly thing (2)]
 14752 | Abyss:1  | Annihilated by a purple very ugly thing

Skill      XL: |  1  2  3  4  5  6  7 |
---------------+----------------------+-----
Fighting       | 4 5 6 7 |  7.3
Spellcasting   | 2 3 4 |  4.8
Hexes          | 1 2 3 |  3.6
Evocations     | 1 2 |  2.5
Axes           | |  2.4
Armour         | |  1.5
Dodging        | |  0.7

Action                   |  1- 3 |  4- 6 |  7- 9 || total
-------------------------+-------+-------+-------++-------
Melee: Hand axe          |    82 |   146 |       ||   228
       Trident           |       |    37 |   171 ||   208
 Cast: Confuse           |       |     1 |    17 ||    18
Evoke: Wand              |       |     4 |     6 ||    10
  Use: Scroll            |       |     2 |       ||     2
 Stab: Paralysed         |     2 |       |     1 ||     3
       Petrified         |     1 |       |       ||     1
       Confused          |       |     1 |     3 ||     4
       Sleeping          |       |       |     1 ||     1
Armor: Leather armour    |    24 |    57 |       ||    81
       Robe              |       |    11 |    40 ||    51
Dodge: Dodged            |    58 |   126 |    96 ||   280
